 Dungeon Crawl Stone Soup version 0.28-b1-25-g9875b3fc8c (webtiles) character file.

Game seed: 15309302973663528838

390010 RepoMan the Bludgeoner (level 22, -19/234 HPs)
             Began as a Troll Warper on Jan 27, 2022.
             Was the Champion of the Shining One.
             Demolished by an Executioner (21 damage)
             ... on level 3 of the Abyss on Feb 1, 2022.
             The game lasted 07:21:12 (47458 turns).

RepoMan the Bludgeoner (Troll Warper)              Turns: 47458, Time: 07:21:13

Health: -19/234    AC: 19    Str: 31    XL:     22   Next: 7%
Magic:  6/27       EV: 11    Int: 17    God:    the Shining One [******]
Gold:   6163       SH:  5    Dex: 15    Spells: 14/30 levels left

rFire   + . .      SeeInvis .   c - +10 giant spiked club (spect)
rCold   + + .      Faith    .   (shield currently unavailable)
rNeg    + + +      Spirit   .   t - +5 pearl dragon scales
rPois   .          Reflect  +   N - +1 hat
rElec   .          Harm     .   J - scarf {rC+ rF+}
rCorr   .          Rampage  .   (gloves unavailable)
Will    +....                   (boots unavailable)
Stlth   ..........              I - amulet "Qoduj" {Reflect +Inv SH+5}
HPRegen 0.00/turn               e - ring of protection from cold
MPRegen 0.20/turn               h - ring "Paotass" {Str+6 Int+6}

@: brilliant, sick, glowing, studying Fighting
A: large, unfitting armour, claws 3, regeneration 1, shaggy fur 1, tough skin 1
}: 2/15 runes: barnacled, gossamer
a: Renounce Religion, Evoke Invisibility, Divine Shield, Cleansing Flame, Summon
Divine Warrior, Brand Weapon With Holy Wrath


You were on level 3 of the Abyss.
You worshipped the Shining One.
The Shining One was exalted by your worship.
You visited 9 branches of the dungeon, and saw 40 of its levels.
You visited the Abyss 1 time.
You also visited: Trove, Ice Cave, Volcano and Wizlab.

You collected 6479 gold pieces.
You spent 316 gold pieces at shops.

Inventory:

Hand Weapons
 c - a +10 spectral giant spiked club (weapon)
 f - the +9 staff of Wucad Mu {*channel}
   (You found it in a wizard's laboratory)

   It occasionally powers its wielder's spells, but with a chance of causing
   confusion or draining the wielder's intelligence.
   It becomes more likely to activate and less likely to backfire with increased
   Evocations skill.
 r - the +4 rapier "Ogeck" {protect, rElec rF++ rC+ Str-4}
   (You found it on level 6 of the Lair of Beasts)

   It grants its wielder temporary protection when it strikes (+7 to AC).
   Str:       It affects your strength (-4).
   rF:        It greatly protects you from fire.
   rC:        It protects you from cold.
   rElec:     It insulates you from electricity.
Missiles
 d - a boomerang of dispersal
 g - 30 large rocks (quivered)
 D - 11 silver javelins
 F - 6 curare-tipped darts
 P - 3 silver boomerangs
Armour
 b - the +1 tower shield of the Wary Xeniums {rPois rC+ rCorr}
   (You found it in a treasure trove)

   rC:        It protects you from cold.
   rPois:     It protects you from poison.
   rCorr:     It protects you from acid and corrosion.
 t - +5 pearl dragon scales (worn)
 y - the +4 kite shield "Netoem" {rCorr Dex+5 Slay-2}
   (You acquired it on level 1 of the Elven Halls)

   Dex:       It affects your dexterity (+5).
   Slay:      It affects your accuracy & damage with ranged weapons and melee
   (-2).
   rCorr:     It protects you from acid and corrosion.
 A - a +4 troll leather armour
 J - a scarf of resistance (worn)
 N - a +1 hat (worn)
 S - the +1 robe of Vines {NoPotionHeal Regen++++}
   (You found it on level 13 of the Dungeon)

   Its wearer cannot be healed by potions.
   Regen:     It increases your rate of health regeneration.
Jewellery
 e - a ring of protection from cold (left claw)
 h - the ring "Paotass" (right claw) {Str+6 Int+6}
   (You found it in a treasure trove)

   [ring of strength]

   Str:       It affects your strength (+6).
   Int:       It affects your intelligence (+6).
 v - the ring of the Yeti {rElec rN++ Will- rCorr}
   (You found it on level 3 of the Elven Halls)

   [ring of resist corrosion]

   rElec:     It insulates you from electricity.
   rN:        It greatly protects you from negative energy.
   rCorr:     It protects you from acid and corrosion.
   Will:      It decreases your willpower.
 I - the amulet "Qoduj" (around neck) {Reflect +Inv SH+5}
   (You took it off a deep elf sorcerer on level 3 of the Elven Halls)

   [amulet of reflection]

   It reflects blocked missile attacks.
   +Inv:      It lets you turn invisible.
   SH:        It affects your SH (+5).
 U - the ring of Dazi {rPois Will+ Str+6 Int-5 Dex+7}
   (You took it off a deep elf master archer on level 3 of the Elven Halls)

   [ring of strength]

   Str:       It affects your strength (+6).
   Int:       It affects your intelligence (-5).
   Dex:       It affects your dexterity (+7).
   rPois:     It protects you from poison.
   Will:      It increases your willpower.
 X - the amulet of Xuefuf {RegenMP Rampage rPois}
   (You found it on level 3 of the Elven Halls)

   [amulet of magic regeneration]

   It increases your rate of magic regeneration.
   rPois:     It protects you from poison.
   Rampage:   It bestows one free step when moving towards enemies.
Wands
 p - a wand of digging (10)
 u - a wand of iceblast (30)
 z - a wand of charming (11)
 C - a wand of paralysis (27)
 E - a wand of flame (29)
 M - a wand of mindburst (8)
 Z - a wand of acid (1)
Scrolls
 a - 2 scrolls of fog
 i - 5 scrolls of amnesia
 j - a scroll of summoning
 k - 10 scrolls of teleportation
 l - 6 scrolls of enchant weapon
 n - 6 scrolls of brand weapon
 B - 7 scrolls of immolation
 G - 6 scrolls of vulnerability
 K - 4 scrolls of fear
 L - a scroll of holy word
 Q - a scroll of blinking
Potions
 m - a potion of haste
 o - 3 potions of ambrosia
 q - 2 potions of heal wounds
 s - 7 potions of magic
 w - a potion of flight
 x - 2 potions of lignification
 H - 9 potions of brilliance
 O - 3 potions of cancellation
 T - a potion of might
 V - 4 potions of mutation
 W - 2 potions of attraction
 Y - a potion of berserk rage
Miscellaneous
 R - a phial of floods


   Skills:
 + Level 16.8 Fighting
 + Level 18.6 Maces & Flails
 + Level 7.0 Throwing
 + Level 3.4 Armour
 - Level 8.0 Dodging
 - Level 1.5 Shields
 - Level 18.4 Unarmed Combat
 + Level 4.5 Spellcasting
 * Level 11.6 Translocations
 + Level 7.9 Invocations


You had 14 spell levels left.
You knew the following spells:

 Your Spells              Type           Power      Damage    Failure   Level
a - Manifold Assault      Tloc           60%        N/A       8%          5
b - Blink                 Tloc           100%       N/A       1%          2
l - Lesser Beckoning      Tloc           60%        N/A       1%          3
o - Teleport Other        Tloc           60%        N/A       1%          3
p - Portal Projectile     Hex/Tloc       70%        N/A       10%         3

Your spell library contained the following spells:

 Spells                   Type           Power      Damage    Failure   Level
 Gell's Gravitas          Tloc           60%        N/A       1%          3
 Iskenderun's Mystic Bla  Conj/Tloc      35%        2d8       30%         4
 Animate Skeleton         Necr           10%        N/A       34%         1
 Magic Dart               Conj           20%        1d4       34%         1
 Pain                     Necr           20%        1d5       34%         1
 Shock                    Conj/Air       20%        1d4       34%         1
 Slow                     Hex            20%        N/A       34%         1
 Summon Small Mammal      Summ           20%        N/A       34%         1
 Ensorcelled Hibernation  Hex/Ice        10%        N/A       45%         2
 Poisonous Vapours        Pois/Air       10%        N/A       45%         2
 Searing Ray              Conj           10%        2d4       45%         2
 Static Discharge         Conj/Air       5%         N/A       45%         2
 Summon Forest            Summ/Tloc      17%        N/A       65%         5
 Call Canine Familiar     Summ           5%         N/A       71%         3
 Confusing Touch          Hex            5%         N/A       71%         3
 Mephitic Cloud           Conj/Pois/Air  5%         N/A       71%         3
 Spider Form              Tmut/Pois      5%         N/A       71%         3
 Swiftness                Air            5%         N/A       71%         3
 Vampiric Draining        Necr           5%         2d6       71%         3
 Airstrike                Air            2%         N/A       98%         4
 Anguish                  Hex/Necr       2%         N/A       98%         4
 Animate Armour           Summ/Erth      10%        N/A       98%         4
 Animate Dead             Necr           2%         N/A       98%         4
 Dispel Undead            Necr           5%         3d7       98%         4
 Fulminant Prism          Conj/Hex       2%         3d6       98%         4
 Hailstorm                Conj/Ice       5%         3d4       98%         4
 Ice Form                 Ice/Tmut       5%         N/A       98%         4
 Olgreb's Toxic Radiance  Pois           5%         N/A       98%         4
 Sticky Flame             Conj/Fire      5%         2d3       98%         4
 Summon Lightning Spire   Summ/Air       5%         N/A       98%         4
 Blade Hands              Tmut           2%         N/A       100%        5
 Excruciating Wounds      Necr           2%         N/A       100%        5
 Irradiate                Conj/Tmut      2%         3d14      100%        5
 Lee's Rapid Deconstruct  Erth           2%         3d6*      100%        5
 Summon Mana Viper        Hex/Summ       5%         N/A       100%        5
 Yara's Violent Unravell  Hex/Tmut       2%         3d3       100%        5
 Death Channel            Necr           2%         N/A       100%        6
 Eringya's Noxious Bog    Tmut/Pois      2%         N/A       100%        6
 Simulacrum               Ice/Necr       2%         N/A       100%        6
 Statue Form              Tmut/Erth      3%         N/A       100%        6
 Summon Cactus Giant      Summ           2%         N/A       100%        6
 Dragon Form              Tmut           2%         N/A       100%        7
 Haunt                    Necr/Summ      2%         N/A       100%        7
 Malign Gateway           Summ/Tloc      17%        N/A       100%        7
 Monstrous Menagerie      Summ           2%         N/A       100%        7
 Ozocubu's Refrigeration  Ice            2%         4d5       100%        7
 Spellforged Servitor     Conj/Summ      2%         N/A       100%        7
 Storm Form               Tmut/Air       2%         N/A       100%        7
 Summon Hydra             Summ           2%         N/A       100%        7
 Ignition                 Fire           2%         3d3       100%        8
 Infestation              Necr           2%         N/A       100%        8
 Lehudib's Crystal Spear  Conj/Erth      2%         10d2      100%        8
 Maxwell's Capacitive Co  Air            2%         ∞         100%        8
 Necromutation            Tmut/Necr      2%         N/A       100%        8
 Shatter                  Erth           2%         3d6*      100%        9


Dungeon Overview and Level Annotations

Branches:
Dungeon (15/15)            Temple (1/1) D:6            Lair (6/6) D:9
 Shoals (4/4) Lair:2       Spider (4/4) Lair:4        Slime (0/5) Lair:5
    Orc (2/2) D:11            Elf (3/3) Orc:2        Vaults (4/5) D:14
  Crypt (0/3) Vaults:2     Depths (1/4) D:15          IceCv (visited)
Volcano (visited)          WizLab (visited)

Altars:
Ashenzari
Cheibriados
Dithmenos
Elyvilon
Fedhas
Gozag
Hepliaklqana
Kikubaaqudgha
Makhleb
Nemelex Xobeh
Okawaru
Qazlal
Ru
Sif Muna
Trog
Uskayaw
Vehumet
Wu Jian
Xom
Yredelemnul
Zin
The Shining One
Beogh

Shops:
D:8 [   D:10 (   Orc:2 ((*[   Elf:1 *   Elf:2 (   Vaults:3 *   Vaults:4 [

Portals:
Hell: Depths:1
Abyss: D:7

Annotations:
D:9 3 runed translucent doors, Araneus's ghost, novice DsMo
Lair:5 2 transporters
Elf:2 3 runed translucent doors


Innate Abilities, Weirdness & Mutations

You are too large for most types of armour.
You have claws for hands.
Your natural rate of healing is unusually fast.
You are covered in fur. (AC +1)
You have tough skin. (AC +1)


Message History

You resist.
* * * LOW HITPOINT WARNING * * *
You hear a hideous shriek!
Unknown command.
Unknown command.
Blink to where?
Press: ? - help, Dir - move target A sun demon comes into view.
As you read the scroll of blinking, it crumbles to dust.
The sun demon shouts!
The hellephant blinks!
The shard shrike simulacrum claws you but does no damage.
An Executioner comes into view.
The shard shrike simulacrum claws you but does no damage.
The Executioner gestures.
The Executioner seems to speed up.
The shard shrike simulacrum claws you but does no damage.
You block the Executioner's attack. The Executioner closely misses you. x2
The starspawn tentacle grabs you.
You stop ascending the stairs.
The starspawn tentacle constricts you.
The shard shrike simulacrum claws you but does no damage.
Unknown command.
Unknown command.
Unknown command.
You escape the starspawn tentacle's grasp.
The Executioner hits you!!
* * * LOW HITPOINT WARNING * * *
The Executioner hits you but does no damage. x2
The shard shrike simulacrum claws you!
* * * LOW HITPOINT WARNING * * *
The shard shrike simulacrum freezes you!
You resist.
* * * LOW HITPOINT WARNING * * *
The Executioner hits you but does no damage.
The Executioner hits you.
* * * LOW HITPOINT WARNING * * *
You block the Executioner's attack.
The shard shrike simulacrum claws you but does no damage.
The Executioner hits you!!
You die...

# # .#.# #. .
. ####.#.. ##
.##.. .## .#
.#.# #Z. ..Z
.. # #. . #
##Z .###
#...## #. ##
##.# . # .#
.#1#...# ..#
. . ..
#.@.#.#. #...
. ..
##XZw...#
#... .. .
##.2V....# .
. .
#.........#
..
.#####....≈.#
. . . .#
#...≈..# ##
..... .
......... ..
.. #
..###Y.#. #
....# #.#. .#
.v.


You could see a hellephant, a tentacled starspawn, a balrug, an Executioner
(fast), a starspawn tentacle and a shard shrike simulacrum.

Vanquished Creatures
  Bai Suzhen (Vaults:4)
  Arachne (Spider:3)
  Nikola (Lair:2)
  A bone dragon (Abyss:2)
  Mlioglotl (Spider:3)
  6 deep elf blademasters (Elf:3)
  Frances (Spider:2)
  Asterion (Depths:1)
  4 deep elf master archers (Elf:3)
  2 tentacled starspawn
  3 sphinxes
  5 tengu reavers
  Roxanne (Elf:2)
  3 frost giants
  5 deep elf sorcerers (Elf:3)
  12 vault wardens
  3 emperor scorpions
  A cacodemon (Abyss:3)
  Aizul (Lair:2)
  10 ghost moths
  2 war gargoyles (Vaults:4)
  14 ironbound preservers
  4 deep elf elementalists (Elf:3)
  3 stone giants (Depths:1)
  7 very ugly things
  7 ironbound thunderhulks
  2 deep elf demonologists (Elf:1)
  8 deep elf annihilators (Elf:3)
  6 entropy weavers
  8 dire elephants
  A spark wasp (Spider:4)
  An orange crystal statue (WizLab)
  2 ettins
  2 deep elf high priests (Elf:3)
  4 deep elf death magi (Elf:3)
  7 merfolk impalers
  A crystal guardian (Vaults:4)
  A shambling mangrove (D:13)
  3 merfolk javelineers
  4 yaktaur captains
  2 ogre magi (Orc:2)
  3 boulder beetles
  13 hydras
  5 vault guards
  5 great orbs of eyes
  A rakshasa (Depths:1)
  2 peacekeepers (Vaults:4)
  2 merfolk aquamancers (Shoals:4)
  7 ironbound frosthearts
  An alligator snapping turtle (Shoals:4)
  11 centaur warriors
  A merfolk avatar (Shoals:1)
  5 jorogumos
  18 two-headed ogres
  2 deep troll shamans (Depths:1)
  A satyr (Shoals:3)
  17 dancing weapons
  A hell hog (Abyss:3)
  3 tengu warriors
  An alligator (Lair:6)
  11 death yaks (Lair:6)
  7 thrashing horrors
  10 deep elf knights
  An iron troll (Depths:1)
  3 skeletal warriors (D:14)
  A wretched star (Abyss:2)
  10 pharaoh ants
  6 sea snakes
  42 deep trolls
  6 steelbarb worms
  A steelbarb worm (shapeshifter) (Orc:2)
  2 sun moths
  A goliath frog (Lair:6)
  17 orb spiders
  2 spatial maelstroms (Abyss:3)
  10 deep elf archers
  9 ironbound convokers
  3 starcursed masses (Abyss:3)
  11 wizards
  2 bog bodies (IceCv)
  3 large abominations
  A necromancer (Vaults:3)
  Pikel (D:7)
  6 harpies
  23 deep elf pyromancers
  26 deep elf zephyrmancers
  An orc knight (Orc:1)
  12 lindwurms
  The ghost of Banquo the Destroyer, a novice TeCj (D:7)
  16 wolf spiders
  8 manticores
  A will-o-the-wisp (Abyss:3)
  5 fauns
  6 cyclopes
  2 orc sorcerers
  A salamander (Volcano)
  30 ugly things
  5 moths of wrath
  A worldbinder (Abyss:3)
  Maurice (D:11)
  16 vault sentinels
  2 water nymphs (Shoals:4)
  5 black mambas
  17 elephants
  An ice statue (IceCv)
  6 merfolk sirens
  24 cane toads
  2 apocalypse crabs
  A smoke demon (Abyss:2)
  A gargoyle (D:13)
  An unseen horror (D:11)
  8 komodo dragons
  4 torpor snails
  2 rime drakes
  10 demonic crawlers
  An anaconda simulacrum (IceCv)
  A rime drake (shapeshifter) (Elf:2)
  An efreet (D:14)
  27 yaktaurs
  2 tengu conjurers
  A freezing wraith (D:15)
  2 entropy weaver simulacra (IceCv)
  13 merfolk
  2 ancient zymes
  A polar bear (Lair:6)
  A wind drake (shapeshifter) (Abyss:3)
  6 meliai (Spider:4)
  4 tyrant leeches (Lair:6)
  2 hornets (Spider:4)
  3 wind drakes
  10 trolls
  27 tarantellas
  24 slime creatures
  15 blink frogs
  4 snapping turtles
  A raiju (Abyss:3)
  5 air elementals
  17 culicivoras
  20 jumping spiders
  47 yaks
  A ynoxinul (Abyss:3)
  4 water elementals
  8 humans (D:14)
  4 wraiths
  5 wyverns
  A hog (shapeshifter) (D:15)
  2 small abominations
  A dire elephant simulacrum (IceCv)
  3 basilisks
  2 fire bats (Volcano)
  2 steam dragons
  3 fire elementals
  10 vampire mosquitoes
  6 wargs
  64 redbacks
  Grum (D:8)
  3 harpy simulacra (IceCv)
  A hell hound (Volcano)
  Edmund (D:5)
  A floating eye (shapeshifter) (Elf:3)
  12 water moccasins
  14 orc warriors
  A swamp drake (D:11)
  A hornet zombie (D:8)
  8 necrophages
  An ice beast (D:6)
  22 ogres
  21 wolves
  A boggart (Vaults:1)
  16 centaurs
  A lemure (D:7)
  Blork the orc (D:5)
  2 kobold brigands
  The ghost of Tzialkovskiy the Digger, an amateur GrEE (D:6)
  3 gnoll sergeants
  11 bullfrogs
  A scorpion (D:4)
  2 earth elementals
  4 two-headed ogre simulacra (IceCv)
  A wyvern zombie (D:5)
  3 cane toad simulacra (IceCv)
  A hornet simulacrum (D:14)
  2 water moccasin skeletons
  6 killer bees (D:9)
  3 elephant simulacra (IceCv)
  15 wights
  8 electric eels
  3 howler monkeys
  3 bullfrog zombies
  2 crimson imps
  5 centaur zombies
  A centaur skeleton (D:6)
  5 jellies
  12 orc priests
  4 hounds (D:5)
  A gnoll shaman (D:6)
  An iron imp (Abyss:2)
  An iguana (D:5)
  3 troll simulacra (IceCv)
  11 orc wizards
  10 spriggan simulacra (IceCv)
  A killer bee zombie (D:7)
  2 wolf simulacra (IceCv)
  A hound skeleton (D:5)
  A howler monkey zombie (D:9)
  Robin (D:3)
  21 gnolls
  A howler monkey skeleton (D:5)
  8 adders
  5 naga simulacra (IceCv)
  2 shadow imps (D:6)
  11 white imps
  5 ufetubi (IceCv)
  3 worms
  A dart slug (D:2)
  52 orcs
  8 ball pythons
  4 endoplasms
  2 giant cockroaches
  15 goblins
  7 hobgoblins
  7 jackals (D:3)
  4 quokkas
  3 training dummies (D:10)
  4 bats
  14 frilled lizards
  15 kobolds
  6 rats
  A bush (D:5)
  A lurking horror (Abyss:3)
  A starspawn tentacle (Abyss:3)
1447 creatures vanquished.

Vanquished Creatures (collateral kills)
  Mara (Shoals:4)
  An emperor scorpion (Spider:4)
  4 hornets (Spider:4)
6 creatures vanquished.

Vanquished Creatures (others)
  A hydra (Lair:5)
  2 deep elf pyromancers
  A cane toad (Lair:5)
  A blink frog (Lair:6)
  A human (D:14)
  2 foxfires (Abyss:3)
  52 fungi
  142 plants
  14 starspawn tentacles
216 creatures vanquished.

Grand Total: 1669 creatures vanquished

Notes
Turn   | Place    | Note
-------+----------+-------------------------------------------
     0 | D:1      | RepoMan the Troll Warper began the quest for the Orb.
     0 | D:1      | Reached XP level 1. HP: 19/19 MP: 1/1
    24 | D:1      | Reached XP level 2. HP: 28/28 MP: 2/2
   248 | D:1      | Reached XP level 3. HP: 35/35 MP: 3/3
   558 | D:2      | Identified the +5 whip of an ice cave {freeze, *Noise rPois
                  | rN+ Int+10}
   720 | D:2      | Found a faded altar of an unknown god.
  1002 | D:2      | Reached XP level 4. HP: 42/42 MP: 4/4
  1449 | D:3      | Noticed Robin
  1457 | D:3      | Killed Robin
  1549 | D:3      | Reached XP level 5. HP: 35/50 MP: 5/5
  1929 | D:3      | Learned a level 2 spell: Blink
  2515 | D:4      | Reached XP level 6. HP: 54/59 MP: 6/6
  2628 | D:5      | Entered Level 5 of the Dungeon
  2678 | D:5      | Noticed Edmund
  2695 | D:5      | Killed Edmund
  2696 | D:5      | Reached skill level 5 in Unarmed Combat
  2863 | D:5      | Reached skill level 1 in Maces & Flails
  2863 | D:5      | Reached XP level 7. HP: 65/67 MP: 7/7
  2870 | D:5      | Found a stormy altar of Qazlal.
  2906 | D:5      | Noticed Blork the orc
  2916 | D:5      | Killed Blork the orc
  3105 | D:5      | Found a basalt altar of Yredelemnul.
  3156 | D:5      | Identified the +1 scale mail "Nivyucao" {+Blink Will+}
  3343 | D:5      | Found a blossoming altar of Fedhas.
  3386 | D:5      | Reached XP level 8. HP: 78/78 MP: 8/8
  3615 | D:6      | Found a staircase to the Ecumenical Temple.
  3631 | Temple   | Entered the Ecumenical Temple
  3878 | D:6      | Reached skill level 5 in Fighting
  3949 | D:6      | Found a runed translucent door.
  3953 | D:6      | Noticed Tzialkovskiy's ghost (amateur GrEE)
  4019 | D:6      | Killed Tzialkovskiy's ghost
  4020 | D:6      | Reached XP level 9. HP: 62/88 MP: 9/9
  4199 | D:6      | Reached skill level 5 in Translocations
  4265 | D:6      | Learned a level 3 spell: Lesser Beckoning
  4269 | D:6      | Learned a level 3 spell: Teleport Other
  4903 | D:7      | Found a transporter.
  4922 | D:7      | Noticed Pikel
  4948 | D:7      | Killed Pikel
  5076 | D:7      | Found a transporter.
  5076 | D:7      | Noticed an ancient zyme
  5128 | D:7      | Found a one-way gate to the infinite horrors of the Abyss.
  5129 | D:7      | Identified a scroll of acquirement
  5272 | D:7      | Reached skill level 10 in Unarmed Combat
  5915 | D:7      | Found a hazy altar of Hepliaklqana.
  6108 | D:7      | Found a radiant altar of Vehumet.
  6109 | D:7      | Found a burning altar of Makhleb.
  6243 | D:7      | Noticed Banquo's ghost (novice TeCj)
  6257 | D:7      | HP: 2/89 [rock wall collision (15)]
  6456 | D:7      | HP: 4/89 [ancient zyme (10)]
  6456 | D:7      | HP: 1/89 [ancient zyme (3)]
  6466 | D:7      | Killed an ancient zyme
  6467 | D:7      | Reached XP level 10. HP: 14/98 MP: 10/10
  6715 | D:7      | Killed Banquo's ghost
  7418 | D:8      | Noticed Grum
  7557 | D:8      | Found Kinud's Armour Boutique.
  7646 | D:8      | Killed Grum
  7829 | D:8      | Noticed a two-headed ogre
  7836 | D:8      | Killed a two-headed ogre
  7978 | D:8      | Found an ornate altar of the Wu Jian Council.
  8343 | D:9      | Found a runed translucent gate.
  8343 | D:9      | Found a runed translucent gate.
  8343 | D:9      | Found a runed translucent gate.
  8396 | D:9      | Noticed Araneus's ghost (novice DsMo)
  8396 | D:9      | Noticed a ten-headed hydra
  8483 | D:9      | Found a staircase to the Lair.
  8509 | D:9      | Reached XP level 11. HP: 59/109 MP: 11/11
  8716 | D:9      | Noticed a two-headed ogre
  8733 | D:9      | Killed a two-headed ogre
  9225 | D:10     | Entered Level 10 of the Dungeon
  9414 | D:10     | Noticed a two-headed ogre
  9426 | D:10     | Killed a two-headed ogre
  9471 | D:10     | Found a portal to a secret trove of treasure.
  9522 | D:10     | Found Utuadghaa's Firing Range.
  9526 | D:10     | Bought 6 large rocks for 46 gold pieces
  9526 | D:10     | Bought a throwing net for 33 gold pieces
  9665 | D:10     | Noticed a two-headed ogre
  9675 | D:10     | Killed a two-headed ogre
  9879 | D:10     | Found a glowing golden altar of the Shining One.
  9880 | D:10     | Found a white marble altar of Elyvilon.
  9881 | D:10     | Found a glowing silver altar of Zin.
  9896 | D:10     | Became a worshipper of the Shining One
 10238 | Lair:1   | Entered Level 1 of the Lair of Beasts
 10273 | Lair:1   | Reached skill level 1 in Throwing
 11035 | Lair:2   | Noticed a six-headed hydra
 11064 | Lair:2   | Killed a six-headed hydra
 11187 | Lair:2   | Found a dark tunnel.
 11195 | Volcano  | Entered a volcano
 11230 | Volcano  | Noticed a two-headed ogre
 11240 | Volcano  | Killed a two-headed ogre
 11248 | Volcano  | Reached * piety under the Shining One
 11349 | Volcano  | Noticed a two-headed ogre
 11365 | Volcano  | Reached XP level 12. HP: 54/122 MP: 12/12
 11369 | Volcano  | Killed a two-headed ogre
 11688 | Lair:2   | Learned a level 5 spell: Manifold Assault
 11825 | Lair:2   | Found a staircase to the Shoals.
 12156 | Lair:3   | Noticed a four-headed hydra
 12166 | Lair:2   | Killed a one-headed hydra
 12231 | Lair:3   | Reached skill level 1 in Invocations
 12302 | Lair:3   | Found a hide-covered altar of Uskayaw.
 12576 | Lair:3   | Noticed a five-headed hydra
 12607 | Lair:3   | Killed a one-headed hydra
 13479 | Lair:4   | Found a hole to the Spider Nest.
 13687 | Lair:4   | Noticed a seven-headed hydra
 13693 | Lair:4   | Killed a seven-headed hydra
 14189 | Lair:5   | Reached skill level 15 in Unarmed Combat
 14365 | Lair:5   | Found a staircase to the Slime Pits.
 14368 | Lair:5   | Noticed a five-headed hydra
 14379 | Lair:5   | Killed a two-headed hydra
 14517 | Lair:5   | Reached XP level 13. HP: 128/131 MP: 14/14
 14755 | Lair:5   | Found a transporter.
 14758 | Lair:5   | Found a transporter.
 15479 | Lair:6   | Entered Level 6 of the Lair of Beasts
 15504 | Lair:6   | Reached ** piety under the Shining One
 16066 | Lair:6   | Reached skill level 10 in Fighting
 16681 | Lair:6   | Reached *** piety under the Shining One
 16705 | Lair:6   | Reached XP level 14. HP: 116/143 MP: 16/16
 17279 | Lair:6   | Got Toap's Almanac of Quantum Necromancy
 17284 | Lair:6   | Identified the +4 rapier "Ogeck" {protect, rElec rF++ rC+
                  | Str-4}
 17865 | D:11     | Found a staircase to the Orcish Mines.
 18580 | D:11     | Noticed Maurice
 18589 | D:11     | Killed Maurice
 18826 | Orc:1    | Entered Level 1 of the Orcish Mines
 18847 | D:11     | Reached skill level 5 in Dodging
 19181 | Orc:1    | Reached skill level 10 in Translocations
 19497 | Orc:2    | Entered Level 2 of the Orcish Mines
 19959 | Orc:2    | Found Mofae's Weapon Boutique.
 19960 | Orc:2    | Found Nebit's Weapon Emporium.
 20042 | Orc:2    | Found Giann's Armour Emporium.
 20055 | Orc:2    | Found Tublugemm's Assorted Antiques.
 20122 | Orc:2    | Found a bloodstained altar of Trog.
 20157 | Orc:2    | Bought a grey potion for 27 gold pieces
 20342 | Orc:2    | Found a staircase to the Elven Halls.
 20430 | Orc:2    | Reached XP level 15. HP: 135/153 MP: 17/17
 20598 | D:11     | Acquired a +10 spectral giant spiked club
 20632 | D:12     | Found a frozen archway.
 20688 | IceCv    | Entered an ice cave
 20702 | IceCv    | Reached **** piety under the Shining One
 20981 | IceCv    | Reached ***** piety under the Shining One
 21620 | D:12     | You fall into a shaft and drop 3 floors!
 21620 | D:15     | Entered Level 15 of the Dungeon
 22265 | D:12     | Found the brooch of Shielding {Spirit SH+8}
 22421 | D:12     | Reached ****** piety under the Shining One
 22425 | D:12     | Reached skill level 1 in Shields
 22434 | D:12     | Got the Disquisition on Earthen Summoning
 22436 | D:12     | Got the Grimoire of the Floating Oath
 23094 | D:13     | Found the +1 robe of Vines {NoPotionHeal Regen++++}
 23305 | D:13     | Reached skill level 5 in Invocations
 24091 | D:14     | Found a radiant altar of Vehumet.
 24408 | D:14     | Reached skill level 5 in Maces & Flails
 24410 | D:14     | Reached XP level 16. HP: 156/165 MP: 19/19
 24445 | D:14     | Found a gate to the Vaults.
 25154 | D:15     | Found a staircase to the Depths.
 25351 | Elf:1    | Entered Level 1 of the Elven Halls
 25550 | Elf:1    | Identified the +0 short sword of the Present {freeze, rElec
                  | rPois rF+ rC-}
 25571 | Elf:1    | Paralysed by an air elemental for 1 turns
 25578 | Elf:1    | Paralysed by an air elemental for 1 turns
 25586 | Elf:1    | Paralysed by an air elemental for 1 turns
 25610 | Elf:1    | Found Zolibap's Gadget Gallery.
 25872 | Elf:1    | Paralysed by an air elemental for 1 turns
 26120 | Elf:1    | Identified the +0 robe of Elyvilon's Regard {*Corrode
                  | Regen+ Dex+5}
 26129 | Elf:1    | Got Nizizamm's Incunabulum of the Escort
 26274 | Elf:1    | Acquired 410 gold pieces
 26277 | Elf:1    | Acquired the +4 kite shield "Netoem" {rCorr Dex+5 Slay-2}
 26464 | Elf:2    | Found Xeriu's Antique Weapon Emporium.
 26480 | Elf:2    | Paralysed by an air elemental for 1 turns
 26492 | Elf:2    | Identified Roxanne's Tome of Shape Shifting
 26492 | Elf:2    | Noticed Roxanne
 26512 | Elf:2    | Killed Roxanne
 26602 | Elf:2    | Found a runed translucent gate.
 26603 | Elf:2    | Found a runed translucent gate.
 26603 | Elf:2    | Found a runed translucent gate.
 27313 | Spider:1 | Entered Level 1 of the Spider Nest
 28920 | Spider:2 | Reached XP level 17. HP: 168/176 MP: 1/21
 29064 | Spider:2 | Reached skill level 10 in Maces & Flails
 29867 | Spider:2 | Noticed Frances
 29880 | Spider:2 | Killed Frances
 30483 | Spider:3 | Noticed Arachne
 30506 | Spider:3 | Killed Arachne
 30542 | Spider:3 | Noticed Mlioglotl
 30625 | Spider:3 | Killed Mlioglotl
 31096 | Spider:3 | Identified the +2 war axe of Disarray {speed, Str+2}
 31106 | Spider:3 | Identified the +10 spear of Doubt {elec, rF- rC+++ Int+2
                  | Dex-4}
 31415 | Spider:4 | Entered Level 4 of the Spider Nest
 31553 | Spider:4 | Paralysed by a jorogumo for 3 turns
 32809 | Spider:4 | Reached XP level 18. HP: 177/189 MP: 22/22
 33135 | Spider:4 | Got a gossamer rune of Zot
 33589 | Shoals:1 | Entered Level 1 of the Shoals
 33802 | Elf:3    | Entered Level 3 of the Elven Halls
 34140 | Elf:3    | Identified the +1 scale mail "Celauq" {rF- Regen+ Int+5}
 34201 | Elf:3    | Paralysed by an air elemental for 1 turns
 34259 | Elf:3    | Paralysed by a floating eye for 2 turns
 35070 | Elf:3    | Identified the amulet "Qoduj" {Reflect +Inv SH+5}
 35099 | Elf:3    | Reached skill level 15 in Maces & Flails
 35416 | Elf:3    | Reached skill level 15 in Fighting
 35776 | Elf:3    | Identified the ring of Dazi {rPois Will+ Str+6 Int-5 Dex+7}
 35882 | Elf:3    | Got the Reference Book on Bewitching Creation
 35892 | Elf:3    | Identified the +1 hand axe of Ruination {vorpal, rPois
                  | Will- Str+2 Dex+2}
 35969 | Elf:3    | Identified the ring of the Yeti {rElec rN++ Will- rCorr}
 35990 | Elf:3    | Identified the amulet of Xuefuf {RegenMP Rampage rPois}
 36000 | Elf:3    | Identified the +6 hand axe of the Pharaoh's Fist {protect,
                  | rElec rC+ Will-}
 36489 | Shoals:1 | Noticed Aizul
 36655 | Lair:2   | Killed Aizul
 36787 | Shoals:1 | Noticed Nikola
 36869 | Lair:2   | Killed Nikola
 36870 | Lair:2   | Reached XP level 19. HP: 161/201 MP: 23/23
 37141 | Shoals:4 | Entered Level 4 of the Shoals
 37341 | Shoals:4 | Noticed Mara
 37346 | Shoals:4 | Noticed RepoMan's illusion
 37543 | Shoals:4 | Noticed RepoMan's illusion
 37561 | Shoals:4 | Killed Mara
 37657 | Shoals:4 | Identified the +3 scythe of Dim Light {vorpal, Str+4 SInv}
 37735 | Shoals:4 | Identified the +3 flail of Waw Feuc {drain, Will+}
 38045 | Shoals:4 | Got a barnacled rune of Zot
 38304 | Vaults:1 | Entered Level 1 of the Vaults
 38375 | Vaults:1 | Upgraded the game from 0.28-b1-1-g3c77fb2ed1 to
                  | 0.28-b1-25-g9875b3fc8c
 38734 | Vaults:1 | Learned a level 3 spell: Portal Projectile
 40397 | Vaults:2 | Paralysed by a sphinx for 4 turns
 40756 | D:10     | You paid a toll of 4 scrolls of fog to enter a treasure
                  | trove
 40757 | Trove    | Entered a treasure trove
 40765 | Trove    | Identified the +0 hat of Yredelemnul's Whim {-Cast Rampage
                  | rElec Regen+}
 40772 | Trove    | Identified the +1 tower shield of the Wary Xeniums {rPois
                  | rC+ rCorr}
 40774 | Trove    | Identified the ring "Paotass" {Str+6 Int+6}
 41442 | Vaults:2 | Found a staircase to the Crypt.
 41442 | Vaults:2 | Found an ancient bone altar of Kikubaaqudgha.
 41443 | Vaults:2 | Found a basalt altar of Yredelemnul.
 41897 | Vaults:2 | Reached XP level 20. HP: 213/213 MP: 24/24
 42269 | Vaults:3 | Reached skill level 5 in Throwing
 43174 | Vaults:3 | Found Esutugoi's Assorted Antiques.
 43183 | Vaults:3 | Bought a potion of heal wounds for 210 gold pieces
 43869 | Vaults:4 | Identified the +5 flail of Recklessness {drain, rCorr Int+4
                  | Dex+4}
 44093 | Vaults:4 | Reached skill level 1 in Armour
 44374 | Vaults:4 | Noticed Bai Suzhen
 44383 | Vaults:4 | Killed Bai Suzhen
 45080 | Vaults:4 | Paralysed by a great orb of eyes for 6 turns
 45564 | Vaults:4 | Found Vomp's Armour Emporium.
 45790 | Depths:1 | Entered Level 1 of the Depths
 45932 | Depths:1 | Found an ancient bone altar of Kikubaaqudgha.
 45933 | Depths:1 | Found a gateway to Hell.
 45948 | Depths:1 | Reached XP level 21. HP: 208/223 MP: 26/26
 46040 | Depths:1 | Found a magical portal.
 46045 | WizLab   | Entered Wucad Mu's Monastery
 46286 | WizLab   | Found the +9 staff of Wucad Mu {*channel}
 46523 | WizLab   | Reached XP level 22. HP: 234/234 MP: 14/27
 46847 | Depths:1 | Noticed Asterion
 46855 | Depths:1 | Killed Asterion
 46925 | Depths:1 | Cast into level 2 of the Abyss (a wizard)
 47226 | Abyss:3  | Found a corrupted altar of Lugonu.
 47458 | Abyss:3  | HP: 3/234 [shard shrike simulacrum (12)]
 47458 | Abyss:3  | Demolished by an Executioner

Illustrated notes

Levels and vault maps discovered:
D:1:      minmay_arrival_arboretum_small, layout_basic, st_stairs_2,
          nrook_mini_backslash, minmay_lizard_pond
D:2:      layout_loops_ring, ebering_ecumenical_altar_sacrificial,
          small_statue_intersection, serial_bayou_pond_d, serial_bayou_pond_a
D:3:      layout_loops_ring, uniq_robin
D:4:      layout_loops_cross
D:5:      layout_loops_cross, fedhas_altar_decomposition,
          nicolae_overflow_hidden_temple, yredelemnul_altar_generic,
          minmay_circle_x, uniq_edmund, uniq_blork_the_orc
D:6:      layout_loops_ring, minmay_temple_entry_waves,
          ebering_ghost_inner_flame, minmay_misc_feat_columns,
          minmay_stone_trees_small, chequers_decorated_corner,
          minmay_fire_ice_demons
D:7:      layout_layer_cave, grunt_temple_overflow_lords_of_destruction,
          worldfamousw_hep_ancestral_shrine, gammafunk_ghost_abyssal_escape,
          uniq_pikel
D:8:      layout_layer_cave, lemuel_round_altar, serial_shops, shop, uniq_grum
D:9:      layout_cave_pools, david_lair_shrubbed, gammafunk_ghost_hydra_chop,
          serial_glass, glass_columns_a, glass_columns_a, glass_columns_b,
          glass_columns_a, glass_columns_b, glass_columns_b, glass_columns_a,
          glass_columns_a, glass_columns_c, glass_columns_a, glass_columns_b,
          glass_columns_c, glass_columns_a, glass_columns_b, feat_on_display,
          feat_on_display, due_unseen_surprise, item_on_display_a,
          chequers_serial_rivers_micro_e
D:10:     layout_roguey, good_gods_temple_1, nicolae_trove_entry_diagonal,
          nicolae_shop_firing_range
D:11:     layout_irregular_city, erik_orc_1, uniq_maurice
D:12:     cheibrodos_lost_city_excavation, layout_basic,
          portal_ice_cave_entry_pillars_2, serial_rivers,
          chequers_serial_rivers_micro_d, chequers_serial_rivers_micro_a,
          chequers_serial_rivers_micro_b, chequers_serial_rivers_micro_c,
          chequers_serial_rivers_micro_d
D:13:     layout_stronghold, hellmonk_guarded_unrand_vines
D:14:     layout_cave_pools, ximxim_vaults_locker_room, vehumet_crystals,
          elves_outpost_lemuel
D:15:     hangedman_depths_entry_try_elsewhere_first, layout_irregular_city,
          hangedman_decor_lopped
Temple:   minmay_temple_bridge_abc
Lair:1:   layout_roguey, chequers_serial_rivers_small_3
Lair:2:   layout_big_grid, elwin_shoals_entry_rocks, serial_bayou,
          serial_bayou_pond_d, serial_bayou_pond_e, serial_bayou_pond_e,
          serial_bayou_pond_c, serial_bayou_pond_a,
          lightli_volcano_entry_magma_tube, serial_bayou_lake_a,
          serial_bayou_shore_a
Lair:3:   layout_loops_ring, basic_altar
Lair:4:   hellmonk_destroyed_diamonds, layout_cave_pods, spider_nest_entry_webs
Lair:5:   gammafunk_boulding_lane, layout_cave_pods,
          nicolae_slime_entry_slimehenge
Lair:6:   minmay_lair_end_frog_pond, layout_loops_ring, lemuel_old_faithful
Shoals:1: cheibrodos_shoals_gigantism, layout_shoals, serial_shops, shop_statue,
          uniq_nikola, uniq_aizul
Shoals:2: layout_shoals, uniq_polyphemus, uniq_louise
Shoals:3: layout_shoals, nicolae_shoals_water_shrine
Shoals:4: shoals_end_grunt_ice, layout_shoals, uniq_mara
Spider:1: layout_spider_delve
Spider:2: layout_cave_pods, nicolae_orb_island, uniq_frances
Spider:3: nicolae_spider_mines_3, hangedman_spider_tarantella_strand,
          uniq_arachne, uniq_mlioglotl
Spider:4: spider_rune_water, nicolae_spider_nooks_and_crannies
Orc:1:    layout_caves, serial_shops, basic_altar, hellmonk_bongcloud_opening
Orc:2:    st_orc_open, layout_caves, basic_altar
Elf:1:    layout_loops_cross, minmay_elf_demonology, st_stairs_2,
          nicolae_shop_gadgets
Elf:2:    nicolae_elf_blades_crystal_corner, layout_gridlike, serial_shops,
          nicolae_shop_overgrown_old_shop, palyth_stone_intersect, hex_tiny,
          uniq_roxanne
Elf:3:    minmay_elf_hall, layout_onion_city
Vaults:1: nicolae_vaults_rhombus_6, nicolae_vaults_little_squares_3,
          vaults_room_corners, nicolae_vaults_network_square,
          ontoclasm_vaults_fault, vaults_room_grid, hangedman_vaults_cutoff,
          dpeg_vaults_monster_box, vaults_room_hangedman_quadrants,
          layout_vaults_omnigrid
Vaults:2: vaults_room_octagon, nicolae_vaults_network_quincunx
          [nicolae_vaults_network_quincunx_subvault,
          nicolae_vaults_network_quincunx_subvault,
          nicolae_vaults_network_quincunx_subvault,
          nicolae_vaults_network_quincunx_subvault,
          nicolae_vaults_network_quincunx_subvault], v_misc_8, v_misc_3,
          vaults_room_large_hall, minmay_crypt_entry_necro_gods,
          grunt_vaults_hallway_short, nicolae_vaults_theta, vaults_room_fours,
          ontoclasm_vaults_idyll, layout_vaults_omnicross
Vaults:3: v_misc_12, nicolae_vaults_circle_grid_b,
          nicolae_vaults_mini_display_case, v_alt_pattern_1,
          vaults_mumra_chevron_long, hangedman_vaults_slice,
          ontoclasm_vaults_eye, layout_vaults_chaotic_city, serial_shops, shop
Vaults:4: hangedman_vaults_nails, st_lines, ontoclasm_vaults_ring_square,
          nicolae_vaults_theta, hangedman_vaults_stitches, v_misc_25, v_rooms_1,
          nicolae_vaults_theta, nicolae_vaults_specimen_jars,
          vaults_mumra_hexcomb, vaults_dpeg_hooks, hangedman_vaults_cutoff,
          v_misc_16, v_misc_29, layout_vaults_ring, serial_shops, shop,
          uniq_bai_suzhen
Depths:1: layout_basic, mu_enter_wizlab_7, hell_entry, hangedman_decor_push,
          abyss_entry_small_statue_room, kiku_gazebo_pond_becter,
          minmay_shoptagon, uniq_asterion
Abyss:3:  base: D:14, due_exit_kobolds, evilmike_abyss_exit_3, minivault_11,
          hangedman_abyss_or_decor_passed, hangedman_abyss_monster_moat,
          evilmike_abyss_rune_elephants_shrine

Skill      XL: |  1  2  3  4  5  6  7  8  9 10 11 12 13 14 15 16 17 18 19 20 21 22 |
---------------+-------------------------------------------------------------------+-----
Fighting       | 2 3 4 5 6 7 8 9 10 11 13 14 15 16 | 16.8
Unarmed Combat | 3 4 5 6 8 10 12 13 15 16 17 18 | 18.4
Translocations | 3 4 5 6 7 8 9 10 11 | 11.6
Maces & Flails | 1 5 9 13 16 17 18 | 18.6
Throwing       | 2 3 4 6 7 |  7.0
Invocations    | 3 4 5 6 7 |  7.9
Dodging        | 3 5 7 8 |  8.0
Shields        | 1 |  1.5
Spellcasting   | 2 4 |  4.5
Armour         | 2 3 |  3.4

Action                   |  1- 3 |  4- 6 |  7- 9 | 10-12 | 13-15 | 16-18 | 19-21 | 22-24 || total
-------------------------+-------+-------+-------+-------+-------+-------+-------+-------++-------
Melee: Unarmed           |   113 |   107 |   321 |   486 |  1078 |  1325 |   737 |       ||  4167
       Whip              |     1 |    22 |       |       |    35 |   335 |       |       ||   393
       Punch             |       |    12 |    18 |    61 |   108 |       |       |       ||   199
       Giant spiked club |       |       |       |     4 |       |    11 |   345 |   105 ||   465
       Great sword       |       |       |       |    12 |    13 |       |       |       ||    25
       Rapier            |       |       |       |       |       |    51 |       |       ||    51
Throw: Stone             |       |     3 |     5 |    20 |       |       |       |       ||    28
       Throwing net      |       |     2 |     1 |     2 |     1 |       |     3 |       ||     9
       Boomerang         |       |       |     1 |       |     3 |       |       |       ||     4
       Javelin           |       |       |     2 |     1 |       |       |       |       ||     3
       Large rock        |       |       |       |    18 |    53 |   129 |    43 |    12 ||   255
       Dart              |       |       |       |       |       |     1 |       |       ||     1
 Cast: Blink             |       |       |     3 |     3 |    12 |    32 |     5 |       ||    55
       Teleport Other    |       |       |       |     2 |       |     5 |       |       ||     7
       Lesser Beckoning  |       |       |       |       |     7 |    29 |    57 |       ||    93
       Manifold Assault  |       |       |       |       |       |     3 |    45 |    20 ||    68
       Portal Projectile |       |       |       |       |       |       |     2 |       ||     2
Invok: Divine Shield     |       |       |       |       |     3 |     1 |     5 |       ||     9
       Cleansing Flame   |       |       |       |       |       |     1 |       |       ||     1
       Summon Divine War |       |       |       |       |       |       |     1 |       ||     1
Evoke: Wand              |       |       |     1 |    22 |    19 |    19 |    10 |       ||    71
       Phial of floods   |       |       |       |       |       |       |     1 |       ||     1
  Use: Scroll            |       |       |    10 |    10 |     9 |    17 |    19 |     1 ||    66
       Potion            |       |       |     6 |     5 |     9 |    15 |    16 |     3 ||    54
 Stab: Sleeping          |     1 |     2 |     1 |     1 |       |       |       |       ||     5
       Held in net/web   |       |     1 |       |       |       |       |       |       ||     1
       Distracted        |       |       |     1 |       |       |       |       |       ||     1
       Invisible         |       |       |     1 |       |       |       |       |       ||     1
Armor: Robe              |    34 |    15 |       |       |    30 |   327 |       |       ||   406
       Animal skin       |       |    11 |    90 |   178 |   166 |       |       |       ||   445
       Troll leather arm |       |       |       |       |    86 |    37 |   124 |       ||   247
       Pearl dragon scal |       |       |       |       |       |       |   103 |    53 ||   156
Dodge: Dodged            |    43 |    47 |   112 |   229 |   391 |   633 |   256 |    37 ||  1748
Block: Other             |       |       |       |       |    65 |     1 |    54 |    15 ||   135
       Reflection        |       |       |       |       |    20 |    58 |    27 |       ||   105
       Kite shield       |       |       |       |       |   222 |  1427 |   431 |       ||  2080
